 Dungeon Crawl Stone Soup version 0.21.1-1-g345015f (webtiles) character file.

54 StCgurps the Digger (level 3, 0/19 HPs)
             Began as a Gargoyle Earth Elementalist on Mar 27, 2018.
             Slain by Terence
             ... wielding a +0 mace
              (2 damage)
             ... on level 2 of the Dungeon.
             The game lasted 00:02:46 (994 turns).

StCgurps the Digger (Gargoyle Earth Elementalist)    Turns: 994, Time: 00:02:46

Health: 0/19       AC:  6    Str: 11    XL:     3   Next: 91%
Magic:  0/7        EV: 12    Int: 16    God:
Gold:   76         SH:  0    Dex: 10    Spells: 6/7 levels left

rFire    . . .     SeeInvis .   (no weapon)
rCold    . . .     Gourm    .   (no shield)
rNeg     + . .     Faith    .   c - +0 robe
rPois    ∞         Spirit   .   f - +0 helmet
rElec    +         Reflect  .   (no cloak)
rCorr    .         Harm     .   (no gloves)
MR       .....                  (no boots)
Stlth    ++........             (no amulet)
HPRegen  0.06/turn              (no ring)
MPRegen  0.10/turn              (no ring)

@: no status effects
A: negative energy resistance 1, electricity resistance, unbreathing,
petrification resistance, rot immunity, AC +3
a: no special abilities


You were on level 2 of the Dungeon.
You were hungry.

You visited 1 branch of the dungeon, and saw 2 of its levels.

You collected 76 gold pieces.

Inventory:

Missiles
 b - 16 stones (quivered)
Armour
 c - a +0 robe (worn)
 f - a +0 helmet (worn)
Scrolls
 a - a scroll of fog {unknown}
 i - a scroll of amnesia {unknown}
 j - a scroll of teleportation {unknown}
 k - 3 scrolls of identify {unknown}
 l - 2 scrolls of remove curse {unknown}
Potions
 g - a potion of brilliance {unknown}
 h - a potion of haste {unknown}
Books
 e - a book of Geomancy

   Spells                             Type                      Level
   a - Sandblast                      Earth                        1
   b - Passwall                       Transmutation/Earth          2
   c - Stone Arrow                    Conjuration/Earth            3
   d - Petrify                        Transmutation/Earth          4
   e - Lee's Rapid Deconstruction     Earth                        5
Comestibles
 d - 3 rations


   Skills:
 - Level 1.5 Dodging
 - Level 2.2 Stealth
 + Level 2.9 Spellcasting
   Level 0.7 Transmutations
 + Level 4.8 Earth Magic


You had 6 spell levels left.
You knew the following spells:

 Your Spells              Type           Power        Failure   Level  Hunger
a - Sandblast             Erth           ###...       2%          1    #......


Dungeon Overview and Level Annotations

Branches:
Dungeon (2/15)

Altars:
Makhleb
Yredelemnul
Zin
The Shining One

Annotations:
D:2 Terence


Innate Abilities, Weirdness & Mutations

You are resistant to torment.
Your stone body is resilient. (AC +3)
You are immune to poison.
You resist negative energy. (rN+)
You are resistant to electric shocks. (rElec)
You can survive without breathing.
You are immune to petrification.
You are immune to rotting.


Message History

Terence closely misses you.
You hit Terence.
Terence is moderately wounded.
Terence hits you with a mace.
* * * LOW HITPOINT WARNING * * *
You hit Terence.
Terence is heavily wounded.
Terence closely misses you.
You hit Terence but do no damage.
Terence is heavily wounded.
Casting: Sandblast
Confirm with . or Enter, or press ? or * to list all spells.
Aiming: Sandblast
Press: ? - help, Shift-Dir - straight line, f/p - Terence
Aim: Terence, wielding a mace and wearing a chain mail (heavily wounded)
The blast of sand hits Terence.
Terence is heavily wounded.
b - 16 stones Terence hits you with a mace.
You die...

# #.# #. #.# #.#
#.# ### #.. #.#
..# ###.. #.#
#.# .... #....
#.# #.# ..# #..
#.# #.# ..# #..
#.###@# #.####
##.
#..##@######....
#.
##.((K#.....>.#
##
###....###...#
### ##.........#
#.. ###.K.....#
#.. #...((..##
##.. #####....#
##...
##.##...#....


You could see Terence and a kobold.

Vanquished Creatures
  2 adders (D:2)
  2 giant cockroaches
  7 goblins
  8 hobgoblins
  3 kobolds
  A quokka (D:2)
  5 bats (D:1)
  3 frilled lizards (D:1)
  A rat (D:1)
32 creatures vanquished.

Notes
Turn   | Place    | Note
-------+----------+-------------------------------------------
     0 | D:1      | StCgurps the Gargoyle Earth Elementalist began the quest for the Orb.
     0 | D:1      | Reached XP level 1. HP: 10/10 MP: 3/3
    69 | D:1      | Reached skill level 4 in Earth Magic
    80 | D:1      | Reached XP level 2. HP: 15/15 MP: 0/5
   438 | D:1      | Found a glowing golden altar of the Shining One.
   573 | D:1      | Reached XP level 3. HP: 16/19 MP: 4/6
   793 | D:2      | Found a glowing silver altar of Zin.
   840 | D:2      | Found a glowing golden altar of the Shining One.
   840 | D:2      | Found a basalt altar of Yredelemnul.
   841 | D:2      | Found a burning altar of Makhleb.
   937 | D:2      | Noticed Terence
   994 | D:2      | Slain by Terence

Skill      XL: |  1 |
---------------+----+-----
Earth Magic    | 4 |  4.8
Dodging        | |  1.5
Stealth        | |  2.2
Spellcasting   | |  2.9
Transmutations | |  0.7

Action                   || total
-------------------------++-------
Melee: Unarmed           ||    55
 Cast: Sandblast         ||    41
Armor: Robe              ||    14
Dodge: Dodged            ||    44
